Map: Pylon LE

Players

Escape

  • Race: Zerg Zerg
  • League: Diamond
  • Spawn Location: 5:00

ManlyManMeat - Winner!

  • Race: Zerg Zerg
  • League: Diamond
  • Spawn Location: 11:00

VOD

Have the link to the VOD?

Description

Time

  • Played on: July 10, 2025, 11:11 a.m.
  • Length: 8:38
Show
View Real Time Build Order
Export as new Build Order

Escape Zerg 

Build Orders: Hatch First 

Get SALT Encoding   

  12  0:00  Drone  
  13  0:12  Overlord  
  13  0:16  Drone  
  14  0:31  Drone x2  
  14  0:34  Drone  
  17  0:52  Hatchery  
  17  0:53  Drone  
  17  0:56  Drone  
  18  1:00  Extractor  
  17  1:13  Spawning Pool  
  17  1:15  Drone  
  17  1:19  Drone  
  18  1:28  Drone  
  19  1:44  Drone  
  20  1:51  Overlord  
  20  2:00  Metabolic Boost, Queen  
  22  2:04  Queen  
  25  2:08  Zergling x2  
  25  2:11  Zergling x2  
  25  2:14  Zergling x2  
  27  2:18  Zergling x2  
  28  2:27  Drone  
  28  2:29  Baneling Nest  
  28  2:30  Drone  
  29  2:47  Drone x3  
  29  2:48  Drone  
  33  3:02  Overlord  
  33  3:10  Hatchery  
  33  3:11  Zergling x2  
  33  3:21  Zergling x2  
  33  3:22  Zergling x8  
  38  3:28  Zergling x4  
  38  3:30  Zergling x2  
  38  3:31  Baneling  
  38  3:33  Baneling x2  
  41  3:34  Baneling  
  41  3:36  Baneling  
  31  3:57  Queen  
  29  4:11  Zergling x2  
  29  4:12  Zergling x10  
  35  4:20  Roach Warren  
  35  4:23  Evolution Chamber  
  35  4:24  Zergling x10  
  38  4:31  Baneling x2  
  38  4:38  Drone x3  
  41  4:39  Extractor  
  40  4:46  Overlord  
  35  5:09  Roach x6  
  35  5:11  Zergling x4  
  49  5:17  Baneling x3  
  45  5:52  Lair  
  45  5:59  Zerg Missile Weapons Level 1  
  45  6:02  Overlord x3  
  45  6:03  Extractor  
  45  6:04  Zergling x10  
  45  6:05  Zergling x4, Extractor  
  45  6:11  Drone  
  51  6:13  Baneling x2  
  51  6:15  Drone  
  52  6:22  Drone x2  
  43  6:45  Roach x4  
  43  6:46  Roach  
  52  6:52  Ravager  
  52  6:54  Baneling  
  51  6:59  Zergling x8  
  51  7:12  Roach x3  
  43  7:23  Spine Crawler  
  43  7:27  Roach  
  43  7:28  Ravager  
  40  7:30  Zergling x2  
  41  7:42  Drone x3  
  41  7:43  Roach  
  46  7:48  Roach  
  48  7:59  Roach x2  
  48  8:02  Overseer  
Show
View Real Time Build Order
Export as new Build Order

ManlyManMeat Zerg - Winner!

Build Orders: Hatch First, Zergling Baneling 

Get SALT Encoding   

  12  0:00  Drone  
  13  0:08  Drone  
  14  0:14  Extractor  
  14  0:15  Drone  
  15  0:22  Overlord  
  15  0:43  Drone  
  15  0:48  Hatchery  
  15  0:55  Drone x2  
  17  0:58  Drone  
  18  1:09  Extractor  
  17  1:14  Spawning Pool  
  17  1:17  Drone  
  17  1:21  Drone  
  18  1:28  Drone  
  19  1:38  Drone  
  20  2:02  Queen x2  
  20  2:03  Zergling x4  
  20  2:06  Overlord  
  26  2:11  Metabolic Boost  
  26  2:16  Drone  
  26  2:18  Drone  
  28  2:24  Drone  
  29  2:31  Baneling Nest  
  28  2:38  Zergling x4  
  30  2:44  Drone  
  30  2:45  Drone x2  
  33  2:55  Zergling x4  
  35  3:22  Drone  
  35  3:23  Overlord  
  35  3:24  Overlord  
  35  3:26  Baneling  
  35  3:27  Baneling  
  36  3:28  Baneling  
  36  3:29  Baneling x2  
  36  3:30  Baneling  
  36  3:31  Hatchery  
  31  3:56  Zergling x12  
  37  4:08  Zergling x4  
  37  4:13  Zergling x2, Extractor  
  37  4:16  Roach Warren  
  36  4:20  Baneling x2  
  36  4:21  Baneling x2  
  36  4:22  Baneling  
  36  4:25  Zergling x4  
  38  4:42  Overlord  
  32  5:08  Zergling x4  
  32  5:10  Baneling x2  
  34  5:14  Roach  
  34  5:15  Roach x4  
  42  5:31  Roach  
  42  5:32  Drone  
  42  5:33  Drone x3  
  43  5:48  Zergling x6, Roach x2  
  43  5:49  Zergling x16  
  58  5:53  Drone, Extractor  
  58  6:00  Queen  
  58  6:03  Roach x3  
  66  6:10  Overlord x2  
  66  6:11  Evolution Chamber  
  65  6:21  Baneling  
  65  6:22  Baneling  
  66  6:32  Roach  
  66  6:33  Roach x3  
  65  7:00  Roach  
  65  7:01  Roach x5  
  72  7:29  Ravager  
  71  7:30  Ravager  
  71  7:32  Zergling x6, Roach  
  71  7:33  Zergling x10  
  80  7:49  Drone x2  
  82  7:52  Extractor  
  82  7:55  Ravager  
  82  8:04  Overlord  
  82  8:05  Overlord  
  82  8:06  Overlord  
Tags
 
Matchup
ZvZ
Race
Zerg
Replay Pack
Myownreplay2
Spawn Locations
Cross Positions
Add a new tag
Caveats
  • Supply blocks, unpowered buildings, or Contaminate may cause inaccurate times.
  • Supply counts are checked every 10 seconds.